 Dungeon Crawl Stone Soup version 0.29-a0-541-gaf1fc19f1b (webtiles) character file.

Game seed: 4693879331144051901

1187 Spectrina the Slasher (level 9, -4/75 HPs)
             Began as a Meteoran Monk on June 2, 2022.
             Was a Priest of Jiyva.
             Killed from afar by a steam dragon (22 damage)
             ... with a ball of steam
             ... on level 6 of the Dungeon.
             The game lasted 00:17:20 (1912 turns).

Spectrina the Slasher (Meteoran Monk)               Turns: 1912, Time: 00:17:21

Health: -4/75      AC:  6    Str: 15    XL:     9   Next: 2%
Magic:  10/10      EV: 12    Int: 12    God:    Jiyva [***...]
Gold:   101        SH:  8    Dex: 19    Spells: 8/8 levels left

rFire   . . .      SeeInvis .   w - +2 whip (elec)
rCold   . . .      Faith    .   q - +0 kite shield
rNeg    . . .      Spirit   .   d - +0 ring mail
rPois   .          Reflect  .   (no helmet)
rElec   .          Harm     .   (no cloak)
rCorr   +          Rampage  .   (no gloves)
Will    ++++.                   i - +0 pair of boots
Stlth   +.........              (no amulet)
HPRegen 1.34/turn               (no ring)
MPRegen 0.47/turn               (no ring)

@: calling ooze, glowing, studying Summonings
A: sense surroundings 2, otherworldly, glowing, explore regen, strong-willed 3,
wild magic 1
a: Renounce Religion, Oozemancy


You were on level 6 of the Dungeon.
You worshipped Jiyva.
Jiyva was most pleased with you.
You visited 1 branch of the dungeon, and saw 6 of its levels.
You also visited: Sewer.

You collected 101 gold pieces.

Inventory:

Hand Weapons
 a - a +0 falchion
 p - a +2 vampiric dagger
 u - a +0 arbalest
 w - a +2 whip of electrocution (weapon)
Missiles
 o - 4 poisoned darts (quivered)
 v - a throwing net
Armour
 b - a +0 robe
 d - a +0 ring mail (worn)
 i - a +0 pair of boots (worn)
 q - a +0 kite shield (worn)
Magical Staves
 t - a staff of earth
Wands
 s - a wand of polymorph (8)
Scrolls
 f - 2 scrolls of identify {unknown}
 g - a scroll of magic mapping {unknown}
 h - 2 scrolls of teleportation {unknown}
 n - a scroll of fear {unknown}
 r - a scroll of amnesia {unknown}
 x - a scroll of brand weapon {unknown}
Potions
 c - 2 potions of ambrosia
 e - a potion of brilliance {unknown}
 j - 2 potions of magic {unknown}
 k - a potion of haste
 l - 2 potions of might
 m - a potion of heal wounds


   Skills:
 + Level 6.0 Fighting
 - Level 7.5 Long Blades
 + Level 0.5 Maces & Flails
 + Level 6.6 Dodging
 + Level 4.0 Stealth


You had 8 spell levels left.
You didn't know any spells.
Your spell library contained the following spells:

 Spells                   Type           Power      Damage    Failure   Level
 Inner Flame              Hex/Fire       0%         N/A       100%        3
 Cause Fear               Hex            0%         N/A       100%        4
 Discord                  Hex            0%         N/A       100%        8


Dungeon Overview and Level Annotations

Branches:
Dungeon (6/15)             Temple (0/1) D:4           Sewer (visited)

Altars:


Innate Abilities, Weirdness & Mutations

You passively map the area around you.
You are easily found by Zot.
You glow in the dark.
You regain HP and MP as you explore.
You are extremely strong-willed. (Will+++)
Your spells are a little harder to cast, but a little more powerful.


Message History

You block the steam dragon's attack. The steam dragon claws you.
The steam dragon breathes steam at you. The ball of steam hits you.
* * * LOW HITPOINT WARNING * * *
Unknown command.
Okay, then.
You hit the steam dragon.
The steam dragon is moderately wounded.
The steam dragon closely misses you.
The steam dragon claws you but does no damage.
Activating: Oozemancy (14% risk of failure)
Press: ? - help, Dir - look around, f - activate
There is a cloud of steam here.
Slime begins to ooze from the nearby walls!
You are engulfed in a cloud of scalding steam.
* * * LOW HITPOINT WARNING * * *
The steam dragon barely misses you. The steam dragon closely misses you.
You hit the steam dragon.
The steam dragon is moderately wounded.
The steam dragon bites you.
* * * LOW HITPOINT WARNING * * *
The steam dragon barely misses you.
Unknown command.
You hit the steam dragon.
The steam dragon is moderately wounded.
The steam dragon completely misses you.
The steam dragon claws you but does no damage.
You hit the steam dragon.
The steam dragon is heavily wounded.
You block the steam dragon's attack. The steam dragon claws you.
* * * LOW HITPOINT WARNING * * *
You block the steam dragon's attack. The steam dragon misses you.
You hit the steam dragon.
The steam dragon is heavily wounded.
The steam dragon closely misses you. The steam dragon misses you.
You barely miss the steam dragon.
The steam dragon is heavily wounded.
The steam dragon breathes steam at you. The ball of steam hits you!!
You die...

##........###....##
#
##........#......##
# #..........##...##
* #
#..........###......
# #..........#
#.........
#..........#
#..#######
#..........# #...
#..........# ....#
*#.....@D...##.#...
#..............# , *
#..#............,, ,
##.##........... ,
#. ##.......... , ,
* ,, ###........, ,
##....... , ,
.##...# , , , * ,* ,
.#*#..# *


You could see a steam dragon (catching breath).

Vanquished Creatures
  A yak (D:5)
  An ice beast (D:6)
  An ogre (D:5)
  A bullfrog (D:6)
  A gnoll sergeant (D:5)
  4 scorpions
  3 jellies (Sewer)
  A hound (D:5)
  A gnoll shaman (D:6)
  2 orc priests (D:6)
  Natasha (D:2)
  2 iguanas
  An orc wizard (D:6)
  8 gnolls
  5 adders
  A river rat (Sewer)
  A white imp (D:5)
  An ufetubus (D:4)
  3 worms
  A dart slug (D:5)
  3 orcs
  9 endoplasms
  8 giant cockroaches
  5 goblins
  7 quokkas
  3 ball pythons
  7 frilled lizards (Sewer)
  6 kobolds
  3 rats
91 creatures vanquished.

Vanquished Creatures (others)
  A black bear (D:5)
  3 jellies
  A hound (D:6)
  An iguana (D:4)
  A quokka (D:4)
  A kobold (D:5)
  8 fungi (D:5)
  13 plants (D:4)
  6 toadstools (D:5)
35 creatures vanquished.

Grand Total: 126 creatures vanquished

Notes
Turn   | Place    | Note
-------+----------+-------------------------------------------
     0 | D:1      | Spectrina the Meteoran Monk began the quest for the Orb.
     0 | D:1      | Reached XP level 1. HP: 19/19 MP: 2/2
   101 | D:1      | Reached skill level 4 in Long Blades
   102 | D:1      | Reached XP level 2. HP: 26/26 MP: 3/3
   198 | D:2      | Reached XP level 3. HP: 31/31 MP: 4/4
   243 | D:2      | Noticed Natasha
   250 | D:2      | Killed Natasha
   251 | D:2      | Reached skill level 5 in Long Blades
   251 | D:2      | Reached XP level 4. HP: 22/38 MP: 5/5
   463 | D:4      | Found a glowing drain.
   510 | Sewer    | Entered a sewer
   550 | Sewer    | Reached skill level 6 in Long Blades
   589 | Sewer    | Reached XP level 5. HP: 2/45 MP: 6/6
   805 | Sewer    | Found a viscous altar of Jiyva.
   852 | Sewer    | Reached skill level 7 in Long Blades
   852 | Sewer    | Reached XP level 6. HP: 39/51 MP: 7/7
   956 | Sewer    | Glimpsed the power of Zot.
   964 | Sewer    | Became a worshipper of Jiyva Jofac the Shapeless
   964 | Sewer    | Reached * piety under Jiyva
   964 | Sewer    | Reached ** piety under Jiyva
  1051 | D:5      | Entered Level 5 of the Dungeon
  1363 | D:5      | Noticed a yak
  1380 | D:5      | Killed a black bear
  1388 | D:5      | Killed a yak
  1389 | D:5      | Reached XP level 7. HP: 36/59 MP: 8/8
  1406 | D:5      | Reached skill level 5 in Dodging
  1436 | D:5      | Reached XP level 8. HP: 65/67 MP: 9/9
  1506 | D:6      | Reached skill level 5 in Fighting
  1561 | D:6      | Reached *** piety under Jiyva
  1641 | D:6      | Gained mutation: You are strong-willed. (Will+) [Jiyva's
                  | grace]
  1641 | D:6      | Gained mutation: You are highly strong-willed. (Will++)
                  | [Jiyva's grace]
  1641 | D:6      | Gained mutation: You are extremely strong-willed. (Will+++)
                  | [Jiyva's grace]
  1641 | D:6      | Gained mutation: Your spells are a little harder to cast,
                  | but a little more powerful. [Jiyva's grace]
  1864 | D:6      | Gained mutation: You passively map the area around you.
                  | [Meteoran growth]
  1864 | D:6      | Reached XP level 9. HP: 66/75 MP: 10/10
  1912 | D:6      | Killed from afar by a steam dragon

Illustrated notes

Levels and vault maps discovered:
D:1:      mrwooster_arrival_statue_2, layout_rooms
D:2:      layout_loops_corners, ebering_ecumenical_altar_abandoned,
          minmay_misc_feat_room, chequers_serial_rivers_micro_e, uniq_sigmund,
          uniq_jessica, uniq_natasha
D:3:      layout_loops_ring, minmay_rat_hole, uniq_ijyb, uniq_robin
D:4:      layout_basic, minmay_temple_entry_glassed_door, gup_sewer_entry_pipe,
          hangedman_decor_riveting, serial_bayou_lagoon_a
D:5:      cheibrodos_fertilizer, layout_loops_corners,
          mainiacjoe_overflow_chevrons, minmay_misc_feat_alley,
          minmay_manual_mess
D:6:      layout_layer_cave, chequers_avenue, grunt_ministairs_2,
          minmay_shop_damaged

Skill      XL: |  1  2  3  4  5  6  7  8 |
---------------+-------------------------+-----
Long Blades    | 4 5 6 7 |  7.5
Dodging        | 4 5 6 |  6.6
Fighting       | 4 6 |  6.0
Stealth        | 2 4 |  4.0
Maces & Flails | |  0.5

Action                   |  1- 3 |  4- 6 |  7- 9 || total
-------------------------+-------+-------+-------++-------
Melee: Falchion          |    27 |   201 |   133 ||   361
       Punch             |       |     2 |     2 ||     4
       Unarmed           |       |     4 |       ||     4
       Whip              |       |       |    24 ||    24
Throw: Dart              |       |     4 |    15 ||    19
Invok: Oozemancy         |       |       |     1 ||     1
  Use: Potion            |       |     7 |     1 ||     8
       Scroll            |       |     1 |       ||     1
Armor: Ring mail         |     4 |    54 |    44 ||   102
       Robe              |     1 |       |       ||     1
       Skin              |       |     5 |       ||     5
Dodge: Dodged            |     9 |    69 |    77 ||   155
Block: Kite shield       |       |       |    33 ||    33

Table legend: (Time is in decaauts)
 A = Elapsed time spent in this place.
 B = Non-inter-level travel time spent in this place.
 C = Inter-level travel time spent in this place.
 D = Time resting spent in this place.
 E = Time spent auto-exploring this place.
 F = Levels seen in this place.
 G = Mean time per level.
                   A        B        C        D        E       F      G
               +--------+--------+--------+--------+--------+-----+--------+
         Total |   1969 |   1961 |      8 |     22 |      0 |   7 |  281.3 |
       Dungeon |   1441 |   1433 |      8 |      0 |      0 |   6 |  240.2 |
         Sewer |    527 |    527 |      0 |     22 |      0 |   1 |  527.0 |
               +--------+--------+--------+--------+--------+-----+--------+

Top non-repeatable levels by time:
   Sewer: 527 daAuts
     D:6: 416 daAuts
     D:4: 401 daAuts
     D:5: 216 daAuts
     D:1: 171 daAuts
     D:2: 148 daAuts
     D:3: 87 daAuts
